 Dungeon Crawl Stone Soup version 0.20-a0-369-g71b9d6e (webtiles) character file.

354 Duffy the Chopper (level 6, -7/52 HPs)
             Began as a Naga Wanderer on Dec 27, 2016.
             Was a Believer of Cheibriados.
             Mangled by an ogre
             ... wielding a +0 giant club
              (14 damage)
             ... on level 4 of the Dungeon.
             The game lasted 00:03:41 (3222 turns).

Duffy the Chopper (Naga Wanderer)                   Turns: 3222, Time: 00:03:42

Health: -7/52      AC:  9    Str: 17    XL:     6   Next: 62%
Magic:  6/6        EV:  3    Int: 22    God:    Cheibriados [**....]
Gold:   126        SH:  0    Dex: 12    Spells: 5/5 levels left

rFire  . . .     SeeInvis +     k - +0 war axe
rCold  . . .     Gourm    .     r - +0 plate armour
rNeg   . . .     Faith    +     (no shield)
rPois  +         Spirit   .     n - +0 helmet
rElec  .         Reflect  .     (no cloak)
rCorr  .         Harm     .     (no gloves)
MR     .....                    (no barding)
Stlth  ..........               s - amulet of faith
                                (no ring)
                                (no ring)

@: very slow
A: see invisible, deformed body, poison resistance, slowness 2, slow metabolism
1, spit poison 1, AC +2
a: Spit Poison, Bend Time, Renounce Religion


You were on level 4 of the Dungeon.
You worshipped Cheibriados.
Cheibriados was pleased with you.
You were not hungry.

You visited 1 branch of the dungeon, and saw 4 of its levels.

You collected 126 gold pieces.

Inventory:

Hand Weapons
 a - a +2 hand axe
 k - a +0 war axe (weapon)
Armour
 n - a +0 helmet (worn)
 r - a +0 plate armour (worn)
Jewellery
 s - an amulet of faith (around neck)
Scrolls
 e - a scroll of blinking {unknown}
 f - a scroll of enchant weapon {unknown}
 g - a scroll of teleportation {unknown}
 j - a scroll of remove curse
 l - a scroll of noise {unknown}
 p - a scroll of fear {unknown}
Potions
 b - a potion of lignification
 c - a potion of heal wounds {unknown}
 h - a potion of cancellation
 m - 3 potions of curing
Comestibles
 d - 4 bread rations
 i - a meat ration
 o - 5 chunks of flesh


   Skills:
 - Level 2.0 Fighting
 + Level 6.1 Axes
 + Level 2.4 Armour
 - Level 1.5 Stealth
   Level 1.0 Hexes
   Level 2.6 Poison Magic
   Level 1.0 Evocations


You had 5 spell levels left.
You didn't know any spells.

Dungeon Overview and Level Annotations

Branches:
Dungeon (4/15)
 Temple: D:4-7

Altars:
Ashenzari
Cheibriados
Dithmenos


Innate Abilities, Weirdness & Mutations

You cannot wear boots.
Your serpentine skin is tough. (AC +2)
You have supernaturally acute eyesight. (SInv)
Armour fits poorly on your strangely shaped body.
Your system is resistant to poisons. (rPois)
You cover ground very slowly.
You have a slow metabolism.
You can spit poison.


Message History

The ogre is severely wounded.
The ogre completely misses you.
You barely miss the ogre.
The ogre is severely wounded.
The ogre hits you with a giant club!!
You are too injured to fight recklessly!
You are too injured to fight recklessly!
You are too injured to fight recklessly!
You are too injured to fight recklessly!
You are too injured to fight recklessly!
You are too injured to fight recklessly!
You are too injured to fight recklessly!
You are too injured to fight recklessly!
You are too injured to fight recklessly!
You are too injured to fight recklessly!
You are too injured to fight recklessly!
You barely miss the ogre.
The ogre is severely wounded.
The ogre hits you with a giant club!
You die...

### #.# #.. # #.#
######### #.#.#
#####.......#
#####.#.###...?##.#####.#
#......O@.......#.# #.#
.###.#.#########.# #.#
.#...........# #)#
...............### #.#
<#.#.........#.#######.#
##############.......
#..###.# #....#..
#....###


You could see an ogre.

Vanquished Creatures
  Sigmund (D:2)
  An orc wizard (D:4)
  Robin (D:3)
  4 gnolls (D:3)
  An adder (D:3)
  An adder skeleton (D:4)
  3 worms
  4 dart slugs
  3 leopard geckos (D:2)
  3 orcs
  7 giant cockroaches
  19 goblins
  12 hobgoblins
  3 jackals (D:1)
  6 kobolds
  2 quokkas
  A ball python (D:2)
  7 bats
  5 frilled lizards
  5 rats
89 creatures vanquished.

Notes
Turn   | Place    | Note
-------+----------+-------------------------------------------
     0 | D:1      | Duffy the Naga Wanderer began the quest for the Orb.
     0 | D:1      | Duffy set off with: a +2 hand axe, a potion of lignification, a +0 ring mail, a bread ration
     0 | D:1      | Reached XP level 1. HP: 19/19 MP: 1/1
   183 | D:1      | Reached skill level 2 in Axes
   183 | D:1      | Reached XP level 2. HP: 24/26 MP: 2/2
   468 | D:1      | Reached XP level 3. HP: 13/32 MP: 3/3
   564 | D:1      | Reached skill level 3 in Axes
   716 | D:2      | Found a shadowy altar of Dithmenos.
  1017 | D:2      | Noticed Sigmund
  1043 | D:2      | HP: 1/48 [Sigmund/magic dart (7)]
  1045 | D:2      | Killed Sigmund
  1045 | D:2      | Reached skill level 5 in Axes
  1045 | D:2      | Reached XP level 4. HP: 2/39 MP: 4/4
  1045 | D:2      | Reached XP level 5. HP: 3/45 MP: 5/5
  1198 | D:2      | Found a snail-covered altar of Cheibriados.
  1263 | D:2      | Became a worshipper of Cheibriados the Contemplative
  1770 | D:3      | Found a shattered altar of Ashenzari.
  1849 | D:3      | Reached XP level 6. HP: 39/52 MP: 6/6
  2174 | D:3      | Reached skill level 2 in Armour
  2354 | D:3      | Noticed Robin
  2364 | D:3      | Reached * piety under Cheibriados
  2378 | D:3      | Killed Robin
  2692 | D:3      | Reached skill level 6 in Axes
  2895 | D:3      | Found a faded altar of an unknown god.
  3147 | D:4      | Reached ** piety under Cheibriados
  3222 | D:4      | Mangled by an ogre

Vault maps used:
D:1:      ncdulo_watergridlock
D:2:      grunt_dithmenos_smoke, cheibriados_altar_1, first_bread, uniq_sigmund
D:3:      chequers_ecumenical_altar_island, nicolae_ashenzari_panopticon,
          uniq_robin
D:4:      lemuel_coloured_pillars_altar

Skill      XL: |  1  2  3  4  5  6 |
---------------+-------------------+-----
Axes           | 2 5 6 |  6.1
Armour         | 2 |  2.4
Fighting       | |  2.0
Stealth        | |  1.5
Hexes          | |  1.0
Poison Magic   | |  2.6
Evocations     | |  1.0

Action                   |  1- 3 |  4- 6 || total
-------------------------+-------+-------++-------
Melee: Hand axe          |   127 |   183 ||   310
       War axe           |       |    14 ||    14
  Use: Potion            |     1 |       ||     1
       Scroll            |       |     5 ||     5
  Eat: Chunk             |       |     6 ||     6
Armor: Ring mail         |    82 |    20 ||   102
       Skin              |    10 |       ||    10
       Plate armour      |       |   102 ||   102
Dodge: Dodged            |    56 |    28 ||    84
